 Dungeon Crawl Stone Soup version 0.30-a0-862-g1aabd4f9c5 (webtiles) character file.

Game seed: 18392239817481539527

230 MacCMillion the Trooper (level 6, -3/52 HPs)
             Began as a Ghoul Gladiator on Mar 9, 2023.
             Slain by a gnoll
             ... wielding a +2 flail of holy wrath
              (11 damage)
             ... on level 3 of the Dungeon.
             The game lasted 00:03:25 (2831 turns).

MacCMillion the Trooper (Ghoul Gladiator)           Turns: 2831, Time: 00:03:25

Health: -3/52      AC:  4    Str: 20    XL:     6   Next: 3%
Magic:  5/5        EV: 12    Int:  3    God:
Gold:   104        SH:  0    Dex: 10    Spells: 5/5 levels left

rFire   . . .      SeeInvis .    a - +0 war axe
rCold   + . .      Faith    .    (no shield)
rNeg    + + +      Spirit   .    b - +0 leather armour
rPois   ∞          Reflect  .    c - +0 helmet
rElec   .          Rampage  .    (no cloak)
rCorr   .                        (no gloves)
Will    .....                    (no boots)
Stlth   +                        (no amulet)
HPRegen 0.00/turn                (no ring)
MPRegen 0.09/turn                (no ring)

@: inhibited regen
A: claws 1, cold resistance 1, negative energy resistance 3, inhibited
regeneration, torment resistance 2, devour on kill
a: no special abilities


You were on level 3 of the Dungeon.
You visited 1 branch of the dungeon, and saw 3 of its levels.

You collected 104 gold pieces.

Inventory:

Hand Weapons
 a - a +0 war axe (weapon)
Missiles
 d - 3 throwing nets (quivered)
 e - a javelin
 i - 5 silver javelins
 n - 9 poisoned darts
 p - a boomerang
Armour
 b - a +0 leather armour (worn)
 c - a +0 helmet (worn)
Scrolls
 f - 4 scrolls of identify {unknown}
 g - a scroll of enchant weapon {unknown}
 j - a scroll of magic mapping {unknown}
 l - a scroll of silence {unknown}
 o - a scroll of amnesia {unknown}
Potions
 h - a potion of heal wounds {unknown}
 k - 4 potions of degeneration {unknown}
 m - a potion of flight {unknown}


   Skills:
 + Level 4.2 Fighting
 + Level 4.0 Axes
 + Level 3.4 Throwing
 - Level 2.6 Dodging


You had 5 spell levels left.
You didn't know any spells.
Your spell library contained the following spells:

 Spells                   Type           Power      Damage    Failure   Level
 Ensorcelled Hibernation  Hex/Ice        0%         N/A       73%         2
 Passwall                 Tmut/Erth      0%         N/A       73%         2
 Hailstorm                Conj/Ice       0%         3d3       91%         3
 Swiftness                Air            0%         N/A       91%         3
 Simulacrum               Ice/Necr       0%         N/A       100%        6
 Ice Form                 Ice/Tmut       Unusable   N/A       N/A         4

Dungeon Overview and Level Annotations

Branches:
Dungeon (3/15)

Altars:


Innate Abilities, Weirdness & Mutations

You are immune to poison.
You have sharp fingernails.
Your flesh is cold resistant. (rC+)
You are immune to negative energy. (rN+++)
You do not regenerate when monsters are visible.
You are immune to unholy pain and torment.
You thrive by killing the living.


Message History

You kill the gnoll!
You feel better.
You have reached level 6!
HP restored.
The gnoll shouts!
You see here a +0 halberd.
There are monsters nearby!
There is an open door here.
There is an open door, spattered with blood here.
You see here a +0 club.
You barely miss the gnoll.
The gnoll hits you with a +2 flail of holy wrath!
You convulse.
You hit the gnoll but do no damage.
The gnoll hits you with a +2 flail of holy wrath.
You convulse.
The gnoll barely misses you.
You hit the gnoll.
The gnoll is moderately wounded.
The gnoll barely misses you.
You hit the gnoll.
The gnoll is heavily wounded.
The gnoll hits you with a +2 flail of holy wrath.
You convulse.
You closely miss the gnoll.
The gnoll is heavily wounded.
The gnoll hits you with a +2 flail of holy wrath.
You convulse.
You barely miss the gnoll.
The gnoll is heavily wounded.
The gnoll barely misses you. The gnoll closely misses you.
You hit the gnoll.
The gnoll is severely wounded.
The gnoll hits you with a +2 flail of holy wrath.
You convulse.
You closely miss the gnoll.
The gnoll is severely wounded.
The gnoll hits you with a +2 flail of holy wrath!
* * * LOW HITPOINT WARNING * * *
You convulse!
You die...

#.....)..)..........#....##..
#......#'#..........'....''..
########.#####..g...#....##..
###g#####......#....##.g
#......##.?....#######..
#......#####... #..
##########......# #... #..
.............################ #..
############...g@...........# ###
## #..#############.# #.# .#
#.....## #.# #.. .# ##.##..###
#.# #.# .# ###.###...#######.#
#.# .##########...# ###.##...##.#
#.# ..........#...#####.......#.#
#.#
.########.#...##..†.......#.###.#
.#......#.#...##................#


You could see a gnoll.

Vanquished Creatures
  Jessica (D:3)
  2 orc wizards (D:3)
  Terence (D:2)
  3 gnolls
  2 adders (D:3)
  A worm (D:3)
  6 dart slugs
  3 orcs (D:3)
  6 ball pythons
  6 endoplasms
  3 giant cockroaches
  5 goblins
  7 hobgoblins
  2 jackals (D:2)
  2 quokkas (D:2)
  5 bats
  3 frilled lizards
  7 kobolds
  3 rats
68 creatures vanquished.

Notes
Turn   | Place    | Note
-------+----------+-------------------------------------------
     0 | D:1      | MacCMillion the Ghoul Gladiator began the quest for the
                  | Orb.
     0 | D:1      | Reached XP level 1. HP: 17/17 MP: 0/0
    48 | D:1      | Reached XP level 2. HP: 25/25 MP: 1/1
    74 | D:1      | Reached XP level 3. HP: 30/30 MP: 2/2
   858 | D:2      | Reached XP level 4. HP: 38/38 MP: 3/3
  1069 | D:2      | Noticed Terence
  1079 | D:2      | Killed Terence
  1564 | D:3      | Reached XP level 5. HP: 38/46 MP: 4/4
  2327 | D:3      | Noticed Jessica
  2328 | D:3      | Killed Jessica
  2792 | D:3      | Reached XP level 6. HP: 47/52 MP: 5/5
  2831 | D:3      | Slain by a gnoll

Illustrated notes

Levels and vault maps discovered:
D:1:      scummos_arrival_simple_crosswalls, layout_basic, nicolae_eternal_life
D:2:      layout_loops_ring, uniq_terence
D:3:      layout_basic, uniq_jessica

Skill      XL: |  1  2  3  4  5 |
---------------+----------------+-----
Throwing       | 2 3 |  3.4
Axes           | 3 4 |  4.0
Fighting       | 3 4 |  4.2
Dodging        | |  2.6

Action                     |  1- 3 |  4- 6 || total
---------------------------+-------+-------++-------
  Melee: War axe           |    68 |   103 ||   171
         Punch             |     1 |     1 ||     2
 Armour: Leather armour    |    14 |    30 ||    44
  Dodge: Dodged            |    48 |    75 ||   123

Table legend: (Time is in decaauts)
 A = Elapsed time spent in this place.
 B = Non-inter-level travel time spent in this place.
 C = Inter-level travel time spent in this place.
 D = Time resting spent in this place.
 E = Time spent auto-exploring this place.
 F = Levels seen in this place.
 G = Mean time per level.
                   A        B        C        D        E       F      G
               +--------+--------+--------+--------+--------+-----+--------+
         Total |   2887 |   2839 |     48 |    463 |   1867 |   3 |  962.3 |
       Dungeon |   2887 |   2839 |     48 |    463 |   1867 |   3 |  962.3 |
               +--------+--------+--------+--------+--------+-----+--------+

Top non-repeatable levels by time:
     D:3: 1056 daAuts
     D:2: 1047 daAuts
     D:1: 784 daAuts
